[Event "*** Titled Tuesday Blitz"]
[Site "Chess.com"]
[Date "2020.12.01"]
[Round "3"]
[White "Rytenko_V"]
[Black "Kostya_Nikologorskiy"]
[Result "1/2-1/2"]
[WhiteElo "2513"]
[BlackElo "2697"]
[TimeControl "180+1"]
[EndTime "10:30:27 PST"]
[Termination "Game drawn by stalemate"]

1. e4 e6 2. d3 d5 3. Nd2 c5 4. g3 Nc6 5. Bg2 Nf6 6. f4 dxe4 7. Nxe4 Nxe4 8. Bxe4 Be7 9. Ne2 h5 10. O-O h4 11.
Be3 hxg3 12. hxg3 Qc7 13. d4 cxd4 14. Nxd4 Nxd4 15. Qxd4 Bf6 16. Qb4 Bd7 17. Rfd1 Bc6 18. Rd3 Rc8 19. c3 b6 20. Rad1 Qb7 21. Qb5 a6 22. Bxc6+ Rxc6 23. Qa4 b5 24. Qe4 Qc8 25. Kg2 Rc4 26. Qf3 b4 27. Bb6 bxc3 28. bxc3 O-O 29.
Bd4 Bxd4 30. cxd4 Rc2+ 31. R1d2 Rd8 32. Qe3 Qc6+ 33. Kf2 Rc1 34. d5 exd5 35. Rxd5 Rxd5 36. Rxd5 Qxd5 37. Qxc1 Qxa2+ 38. Kf3 Qb3+ 39. Kg4 Qe6+ 40. Kh4 a5 41. Qc5 Qf6+ 42. Kh3 Qd8 43. Qc6 g6 44. f5 gxf5 45. Qb5 Qa8 46. Qxf5 a4 47. Qg5+ Kf8 48. Qh6+ Ke7 49. Qg5+ Kd7 50. Qf5+ Ke8 51. Qe5+ Kd7 52. Qf5+ Kd6 53. Qf6+ Kc5 54. Qe7+ Kb5 55. Qd7+ Qc6 56. Qxf7 a3 57. Qb3+ Kc5 58. Qxa3+ Kd4 59. Qb2+ Kd3 60. Kh2 Qh6+ 61. Kg2 Qc6+ 62. Kg1 Qc5+ 63. Qf2 Qg5 64. Qf3+ Kd4 65. Kg2 Ke5 66. Qf2 Qg8 67. Qc5+ Kf6 68. Qd4+ Kg5 69. Qf4+ Kh5 70. Qh4+ Kg6 71. Qg4+ Kf7 72.
Qxg8+ Kxg8 73. Kf3 Kf7 74. Kf4 Kf6 75. Kg4 Kg6 76.
Kf4 Kf6 77. Ke3 Ke5 78. Kf3 Kf5 79. Kg2 Kg4 80. Kh2 Kg5 81. Kg1 Kg4 82. Kg2 Kg5 83. Kf3 Kf5 84. g4+ Kg5 85. Kg3 Kg6 86. Kh4 Kh6 87. g5+ Kg6 88. Kg4 Kg7 89. Kf5 Kf7 90.
Ke5 Kg6 91. Kf4 Kg7 92. Kg3 Kg6 93. Kg4 Kg7 94. Kh5 Kh7 95. g6+ Kg7 96. Kg5 Kg8 97.
Kf5 Kg7 98. Kg5 Kg8 99. Kh6 Kh8 100. g7+ Kg8 101. Kg6 1/2-1/2

[Event "*** Titled Tuesday Blitz"]
[Site "Chess.com"]
[Date "2020.12.01"]
[Round "3"]
[White "wonderfultime"]
[Black "Leonid_Starozhilov"]
[Result "0-1"]
[WhiteElo "2935"]
[BlackElo "2667"]
[TimeControl "180+1"]
[EndTime "10:30:29 PST"]
[Termination "Leonid_Starozhilov won by resignation"]

1. d4 Nf6 2. Nf3 g6 3. Bg5 Ne4 4. Bh4 d5 5. e3 Bg7 6. Bd3 O-O 7.
O-O Bf5 8. c4 dxc4 9. Bxc4 c5 10. Nc3 cxd4 11. Nxd4 Nxc3 12. bxc3 Bd7 13. Rb1 Qc8 14.
Bd5 Nc6 15. Qb3 e6 16. Be4 b6 17. Rfd1 Rb8 18. Bg3 Ne5 19. Qa3 Nc4 20. Qxa7 Be5 21. Bxe5 Nxe5 22. Qa3 Qc7 23. h3 Rfe8 24. Nf3 Nc4 25.
Qb4 b5 26. Bd3 Bc6 27. Be2 Bxf3 28. Bxf3 Kg7 29. Be2 Rec8 30. Rd4 Ne5 31. Qb2 Qc5 32. c4 bxc4 33. Qxb8 Rxb8 34. Rxb8 c3 35. Rb1 c2 36.
Rc1 Qc3 37. Bd1 cxd1=Q+ 38. Rcxd1 Qb2 39. R4d2 Qc3 40. Rd4 h5 41. R4d2 Qa3 42. Rc2 h4 43. Rd4 Qe7 44. Re4 Qd6 45. Rd4 Qb8 46. Rcd2 g5 47.
Rd1 Ng6 48. R4d2 Qb4 49. Rd4 Qa3 50. R4d2 Ne7 51. Rc2 Nd5 52. Rd4 Qe7 53. Rg4 Kh6 54. Rd4 Qa7 55. Rcd2 Kg6 56. R4d3 Nf6 57. Rd4 Qb7 58.
R4d3 Qb1+ 59. Kh2 g4 60. Rd4 Qb8+ 61. Kg1 g3 62. fxg3 hxg3 63. Kf1 Nd5 64. Ke2 Qb5+ 65. Kf3 Qf1+ 66. Kxg3 Nf6 67. Rf2 Qe1 68. Rf4 Nh5+ 69.
Kf3 Nxf4 70. exf4 Qb4 71. Kg3 f6 72. Rf3 e5 73. a3 Qa4 74. fxe5 fxe5 75. Kf2 e4 76. Rg3+ Kf5 77. Re3 Ke5 78. Rg3 Qc2+ 79. Kf1 Kd4 80. Rg4 Kd3 81. Rg7 Qc1+ 82. Kf2 Qf4+ 83.
Kg1 e3 84. Rd7+ Kc2 85. Re7 Qd4 86. Kh1 Kd2 87. Kh2 e2 88. Rxe2+ Kxe2 0-1

[Event "*** Titled Tuesday Blitz"]
[Site "Chess.com"]
[Date "2020.12.01"]
[Round "3"]
[White "aleksey1203borisovi4"]
[Black "natelleka"]
[Result "0-1"]
[WhiteElo "2469"]
[BlackElo "2191"]
[TimeControl "180+1"]
[EndTime "10:30:29 PST"]
[Termination "natelleka won by checkmate"]

1. g3 d5 2. Bg2 Bf5 3. d3 Nf6 4. Nc3 e6 5. Bg5 Be7 6. e4 Bg6 7. Nge2 c6 8. O-O h6 9. Bf4 O-O 10.
h3 Nbd7 11. a3 e5 12. Bd2 Nc5 13. exd5 cxd5 14. Kh1 Qd7 15. Kh2 Rfe8 16. b4 Ne6 17. f4 exf4 18. Nxf4 Nxf4 19. Bxf4 Bd6 20. Qd2 Rac8 21.
Ne2 Qc7 22. Bxd6 Qxd6 23. Nf4 Bh7 24. Qf2 Rc7 25. Rae1 Rec8 26. Re2 b6 27. Rfe1 a5 28.
bxa5 bxa5 29. a4 Qb4 30. Nxd5 Nxd5 31. Bxd5 Qxa4 32. Bxf7+ Rxf7 33. Qe3 Kf8 34. Rf2 Rxf2+ 35. Qxf2+ Kg8 36. Re7 Rxc2 37. Re2 Rxe2 38. Qxe2 Qd7 39.
Qe5 Bxd3 40. Qxa5 Bf5 41. Qa8+ Kh7 42. Qg2 Qd3 43. g4 Be4 44. Qf2 Qd6+ 45. Kg1 Qd3 46. Kh2 Qf3 47. Qg1 Qe2+ 48. Kg3 Qf3+ 49. Kh2 h5 50. gxh5 Qxh5 51. Qe3 Qg6 52. Qe2 Qf5 53. Qd2 Qe5+ 54. Kg1 Qd5 55. Qf2 Qe5 56. Qh4+ Kg8 57. Qd8+ Kf7 58. Qd7+ Kg6 59. Qg4+ Qg5 60. Qxg5+ Kxg5 61.
Kf2 Kh4 62. Ke3 Bc6 63. Kf2 Kxh3 64. Kg1 g5 65. Kf1 g4 66. Kg1 g3 67. Kf1 Kh2 68. Ke2 g2 69. Ke3 g1=Q+ 70. Kf4 Qf1+ 71. Kg4 Qf2 72. Kh5 Qf4 73. Kg6 Qe5 74. Kf7 Qd6 75. Kg8 Qe7 76. Kh8 Be4 77. Kg8 Bh7+ 78. Kh8 Bg8 79. Kxg8 Kg3 80. Kh8 Kg4 81. Kg8 Kg5 82.
Kh8 Kg6 83. Kg8 Qg7# 0-1

[Event "*** Titled Tuesday Blitz"]
[Site "Chess.com"]
[Date "2020.12.01"]
[Round "3"]
[White "cstevens1"]
[Black "malakismayil"]
[Result "1/2-1/2"]
[WhiteElo "2656"]
[BlackElo "2272"]
[TimeControl "180+1"]
[EndTime "10:30:55 PST"]
[Termination "Game drawn - insufficient material"]

1. e4 e5 2. Nf3 Nc6 3. Bb5 Bc5 4.
O-O d6 5. c3 Bd7 6. d4 exd4 7.
cxd4 Bb6 8. d5 Ne5 9. Bxd7+ Qxd7 10. Nxe5 dxe5 11. Nc3 Nf6 12. Bg5 h6 13. Bxf6 gxf6 14. Ne2 Rg8 15. Ng3 Rg6 16. Nf5 O-O-O 17. Qf3 Rdg8 18. g3 Qd8 19. Rac1 Kb8 20. Rc4 Rh8 21. Kg2 h5 22. h4 Rg4 23. Qc3 Qd7 24. a4 Rxe4 25. Rxe4 Qxf5 26. Qf3 Qxf3+ 27. Kxf3 Bd4 28. g4 hxg4+ 29. Kxg4 Bxb2 30. Kf5 Rh6 31. Rg1 b6 32. Rg7 Bd4 33. Rxf7 Bxf2 34. Rxf6 Rxh4 35. Rxh4 Bxh4 36. Rf8+ Kb7 37. Kxe5 Bg3+ 38. Kd4 Ka6 39. Kc4 Ka5 40.
Ra8 Ka6 41. Rg8 Bd6 42. Rg4 Ka5 43. Kb3 a6 44. Rc4 b5 45. axb5 axb5 46. Rc6 Be5 47.
Rc2 Bd6 48. Rc6 Be5 49. Re6 Bd6 50. Re8 Kb6 51. Rh8 Kc5 52. Rh5 Kd4 53. Rf5 Ke4 54. Rh5 Kd4 55. Rg5 Ke4 56. Kc3 Kf4 57. Rh5 Kg4 58.
Rh1 Kf4 59. Kd4 Kf5 60. Rf1+ Kg6 61. Rb1 b4 62. Kc4 Kf5 63. Re1 Kf4 64. Re8 Kf5 65.
Re2 Kf4 66. Re6 Kf5 67. Kb3 Kf4 68. Re1 Kf5 69. Kc4 Kf4 70. Ra1 Kf5 71. Ra2 Ke4 72.
Re2+ Kf5 73. Rg2 Ke4 74. Rg8 Ke5 75. Rb8 Ke4 76. Rb7 Ke5 77. Rb5 Ke4 78. Kb3 Kd4 79. Ra5 Kd3 80. Rb5 Kd4 81. Ra5 Kd3 82. Ra1 Kd4 83.
Rd1+ Kc5 84. Rd3 Kb5 85. Rd2 Kc5 86. Rd3 Be5 87. Rd1 Bc3 88. Rd3 Be5 89. Kc2 Bd4 90. Rg3 Kxd5 91. Kb3 c5 92. Rg5+ Kc6 93. Kc4 Kd6 94.
Rg6+ Ke5 95. Ra6 Ke4 96. Rb6 Ke3 97. Rb5 Kd2 98. Rxb4 cxb4 99. Kxb4 1/2-1/2

[Event "*** Titled Tuesday Blitz"]
[Site "Chess.com"]
[Date "2020.12.01"]
[Round "3"]
[White "JonahWillow"]
[Black "Jospem"]
[Result "0-1"]
[WhiteElo "2663"]
[BlackElo "2968"]
[TimeControl "180+1"]
[EndTime "10:30:59 PST"]
[Termination "Jospem won by checkmate"]

1. e4 e5 2. Nf3 Nc6 3. Nc3 Nf6 4. Bb5 Bb4 5. O-O O-O 6. d3 Bxc3 7. bxc3 d6 8. Bg5 h6 9. Bh4 Bd7 10. Rb1 Rb8 11.
Bc4 Na5 12. Bb3 Kh8 13. Re1 Qe7 14. d4 Bc6 15. h3 Nxb3 16. axb3 g5 17. Bg3 Nxe4 18.
dxe5 f5 19. exd6 cxd6 20. Nd4 Qf6 21. Nxc6 bxc6 22. Ra1 Nxc3 23. Qxd6 f4 24. Qxf6+ Rxf6 25. Bh2 Rb7 26. f3 Nd5 27. Kh1 Kh7 28. Bg1 Nb4 29. Re2 Rff7 30. Bc5 Nd5 31. Re6 Rbc7 32. Ra6 Nf6 33.
Rexc6 Rxc6 34. Rxc6 Nh5 35. Ra6 Rf5 36. Rxa7+ Kg8 37.
b4 Rd5 38. Ra1 Ng3+ 39. Kg1 Kf7 40. c4 Rd2 41. b5 Rb2 42. b6 Ke6 43. Re1+ Kd7 44.
Kh2 Nf5 45. Rd1+ Kc6 46. Bg1 Nh4 47. Kh1 Nxg2 48. Rd8 Nh4 49. Rc8+ Kd7 50. Rc7+ Kd8 51. Rh7 Nf5 52. Bh2 Rxb6 53. Rh8+ Ke7 54. Rh7+ Ke8 55. Rh8+ Kf7 56. Rh7+ Kg6 57. Ra7 Rb1+ 58. Kg2 Ne3+ 59. Kf2 Rf1+ 60. Ke2 Rh1 61. Ra6+ Kg7 62.
Ra7+ Kg6 63. Ra6+ Kh5 64. Bxf4 gxf4 65. Ra5+ Kg6 66. Ra6+ Kf5 67. Ra5+ Ke6 68. Ra6+ Ke5 69. Rxh6 Kd4 70. Rd6+ Kxc4 71. Rf6 Rh2+ 72. Ke1 Kc3 73. Rc6+ Kd4 74. Rd6+ Nd5 75. Rd8 Rxh3 76. Kf2 Rh2+ 77. Kg1 Ra2 78. Kf1 Ra5 79. Kf2 Kd3 80. Rd7 Rc5 81. Rd8 Kc4 82. Kg2 Ne3+ 83. Kh2 Rh5+ 84. Kg1 Rg5+ 85. Kf2 Rg2+ 86. Ke1 Nc2+ 87. Kf1 Rh2 88.
Kg1 Rh4 89. Kf2 Nd4 90. Rc8+ Kd3 91. Ra8 Rh2+ 92. Kf1 Rc2 93. Ra3+ Rc3 94. Ra4 Ke3 95. Ra1 Kxf3 96. Kg1 Ne2+ 97. Kh2 Kg4 98. Rg1+ Nxg1 99.
Kxg1 Kf3 100. Kh2 Rc1 101. Kh3 Rh1# 0-1

[Event "*** Titled Tuesday Blitz"]
[Site "Chess.com"]
[Date "2020.12.01"]
[Round "4"]
[White "klimkoj"]
[Black "Rap_woyska"]
[Result "0-1"]
[WhiteElo "2628"]
[BlackElo "2472"]
[TimeControl "180+1"]
[EndTime "10:33:17 PST"]
[Termination "Rap_woyska won by resignation"]

1. e4 e6 2. d4 d5 3. Nc3 Nf6 4. Bg5 dxe4 5. Nxe4 Be7 6. Bxf6 gxf6 7. g3 f5 8. Nc3 Bf6 9. Nge2 Nc6 10. d5 Nb4 11.
Bg2 Nxd5 12. Nxd5 exd5 13. Bxd5 Bxb2 14. Rb1 Bf6 15. Bxb7 Qxd1+ 16. Kxd1 Bxb7 17. Rxb7 O-O-O+ 0-1

[Event "*** Titled Tuesday Blitz"]
[Site "Chess.com"]
[Date "2020.12.01"]
[Round "4"]
[White "emperor87"]
[Black "DraG0s3L"]
[Result "0-1"]
[WhiteElo "2717"]
[BlackElo "2539"]
[TimeControl "180+1"]
[EndTime "10:33:18 PST"]
[Termination "DraG0s3L won by resignation"]

1. e4 e6 2. d4 d5 3. Nd2 c5 4. Ngf3 cxd4 5. Nxd4 Nc6 6. Bb5 Bd7 7. Nxc6 bxc6 8.
Bd3 Bd6 9. O-O Qc7 10. h3 Nf6 11. b3 O-O 12. Bb2 e5 13. f4 Rfe8 14. fxe5 Bxe5 15.
Bxe5 Qxe5 16. exd5 Qe3+ 17. Rf2 cxd5 18. Qh5 Nxh5 0-1

[Event "*** Titled Tuesday Blitz"]
[Site "Chess.com"]
[Date "2020.12.01"]
[Round "4"]
[White "Beca95"]
[Black "Roza_Idrisova"]
[Result "1-0"]
[WhiteElo "2888"]
[BlackElo "2175"]
[TimeControl "180+1"]
[EndTime "10:33:37 PST"]
[Termination "Beca95 won by resignation"]

1. d4 d5 2. c4 c6 3. Nc3 Nf6 4. Nf3 a6 5. Qc2 b5 6. e4 b4 7. e5 bxc3 8. exf6 cxb2 9. Bxb2 gxf6 10. Be2 e6 11. O-O Be7 12. Bd3 f5 13. Ne5 Qc7 14.
cxd5 exd5 15. Bxf5 Bxf5 16. Qxf5 Bd6 17. Rfe1 Kf8 18. Bc1 h5 19. Qf6 Rh7 20. Ng6+ Kg8 21. Re8+ 1-0

[Event "*** Titled Tuesday Blitz"]
[Site "Chess.com"]
[Date "2020.12.01"]
[Round "4"]
[White "Legendinunknown"]
[Black "TudorAnton"]
[Result "1-0"]
[WhiteElo "2672"]
[BlackElo "2469"]
[TimeControl "180+1"]
[EndTime "10:33:53 PST"]
[Termination "Legendinunknown won by resignation"]

1. d4 Nf6 2. c4 e6 3. Nc3 Bb4 4.
f3 O-O 5. e4 d5 6. cxd5 exd5 7.
e5 Nfd7 8. a3 Bxc3+ 9. bxc3 c5 10. Bd3 cxd4 11. cxd4 Nc6 12. Ne2 f6 13. exf6 Nxf6 14.
O-O Qb6 15. Kh1 Bd7 16. Rb1 Qc7 17. Bf4 Qc8 18. Be5 Bf5 19. Ng3 Bxd3 20. Qxd3 Nxe5 21. dxe5 Nd7 22. Qxd5+ Kh8 1-0

[Event "*** Titled Tuesday Blitz"]
[Site "Chess.com"]
[Date "2020.12.01"]
[Round "4"]
[White "anasta10"]
[Black "fmshawnrl123"]
[Result "0-1"]
[WhiteElo "2429"]
[BlackElo "2787"]
[TimeControl "180+1"]
[EndTime "10:34:19 PST"]
[Termination "fmshawnrl123 won by resignation"]

1. d4 Nf6 2. c4 e6 3. Nc3 Bb4 4. Bd2 O-O 5. Nf3 d5 6. e3 b6 7. Bd3 Bb7 8. O-O c5 9. Ne5 cxd4 10. exd4 dxc4 11. Bxc4 Qxd4 12. Re1 Nc6 13. Nxc6 Bxc6 14.
Qb3 Qxd2 15. Qxb4 Ng4 16. Re2 Qf4 17. g3 Qf3 0-1

[Event "*** Titled Tuesday Blitz"]
[Site "Chess.com"]
[Date "2020.12.01"]
[Round "4"]
[White "orestn"]
[Black "Vojtap"]
[Result "0-1"]
[WhiteElo "2312"]
[BlackElo "2122"]
[TimeControl "180+1"]
[EndTime "10:34:24 PST"]
[Termination "Vojtap won by resignation"]

1. e4 c5 2. Nf3 d6 3. d4 cxd4 4. Nxd4 Nf6 5. Nc3 a6 6. Bg5 e6 7. Qe2 Qc7 8. h4 Be7 9. g4 b5 10. a3 Bb7 11. Rh3 Nbd7 12. O-O-O Nc5 13. Bxf6 Bxf6 14. f4 O-O 15. g5 Bxd4 16. Rxd4 e5 17. Rd2 exf4 18. Rhd3 Nxd3+ 19. Qxd3 Rfe8 20. Bg2 Rad8 21. h5 Qc5 22. b4 Qxg5 23. Kb2 Qxh5 24. Bf3 Qe5 0-1

[Event "*** Titled Tuesday Blitz"]
[Site "Chess.com"]
[Date "2020.12.01"]
[Round "4"]
[White "MFBerna"]
[Black "Iskusnyh"]
[Result "1/2-1/2"]
[WhiteElo "2430"]
[BlackElo "2621"]
[TimeControl "180+1"]
[EndTime "10:34:38 PST"]
[Termination "Game drawn by repetition"]

1. e4 e6 2. d4 d5 3. Nd2 c5 4.
exd5 Qxd5 5. Ngf3 cxd4 6. Bc4 Qd7 7. Nb3 Qc7 8. Qxd4 Nf6 9. Bf4 Qd7 10. O-O Qxd4 11.
Nbxd4 a6 12. Ne5 Nbd7 13. Nxf7 Kxf7 14. Nxe6 Kg6 15. Bd3+ Kf7 16. Nc7 Ra7 17. Bc4+ Kg6 18. Bd3+ Kf7 19. Bc4+ Kg6 20. Bd3+ Kf7 1/2-1/2

[Event "*** Titled Tuesday Blitz"]
[Site "Chess.com"]
[Date "2020.12.01"]
[Round "4"]
[White "Oglob71"]
[Black "norwaytoadog"]
[Result "1-0"]
[WhiteElo "2444"]
[BlackElo "2271"]
[TimeControl "180+1"]
[EndTime "10:34:41 PST"]
[Termination "Oglob71 won by resignation"]

1. d4 d5 2. Nf3 Nf6 3. c4 c6 4.
e3 e6 5. Bd3 Nbd7 6. O-O Bd6 7.
Nbd2 O-O 8. e4 dxe4 9. Nxe4 Nxe4 10. Bxe4 Nf6 11. Bc2 b6 12. Bg5 h6 13. Bh4 Be7 14.
Qd3 g6 15. Ne5 g5 16. Nxc6 Qc7 17. Nxe7+ Qxe7 18. Bg3 Bb7 19. Be5 Rfd8 20. Qh3 Kg7 21. f4 1-0

[Event "*** Titled Tuesday Blitz"]
[Site "Chess.com"]
[Date "2020.12.01"]
[Round "4"]
[White "kidagent"]
[Black "MoreChessJulia"]
[Result "0-1"]
[WhiteElo "2295"]
[BlackElo "2107"]
[TimeControl "180+1"]
[EndTime "10:34:46 PST"]
[Termination "MoreChessJulia won by resignation"]

1. e4 g6 2. d4 Bg7 3. Nf3 c5 4. d5 d6 5. c4 Bg4 6. Nc3 Nd7 7.
Be2 Bxf3 8. Bxf3 Ne5 9. Be2 a6 10. O-O Nf6 11. f4 Ned7 12. Be3 O-O 13. Qd2 Rb8 14. Rae1 b5 15. b3 b4 16. Nd1 Nxe4 17.
Qc2 f5 18. Bd3 Ndf6 19. Nf2 Nxf2 20. Rxf2 Ng4 21. Rfe2 Nxe3 22. Rxe3 Bd4 23. Kf1 Bxe3 24. Rxe3 Qd7 25. Re6 Rf6 26. Qe2 Rxe6 27. dxe6 Qc6 28. Qe3 a5 29. Be2 a4 30. Bf3 Qa6 31. g4 axb3 32.
axb3 Qa1+ 33. Kg2 fxg4 34. Bxg4 Ra8 35. Bf3 Ra2+ 36. Kg3 Qd4 37. Qe1 Rb2 0-1

[Event "*** Titled Tuesday Blitz"]
[Site "Chess.com"]
[Date "2020.12.01"]
[Round "4"]
[White "Karacsonyi_Gellert"]
[Black "Lysiak_Poltorak"]
[Result "1-0"]
[WhiteElo "2665"]
[BlackElo "2366"]
[TimeControl "180+1"]
[EndTime "10:34:49 PST"]
[Termination "Karacsonyi_Gellert won by resignation"]

1. e4 c5 2. Nf3 Nc6 3. d4 cxd4 4. Nxd4 Nf6 5. Nc3 e5 6. Nf5 d5 7. exd5 Bxf5 8. dxc6 bxc6 9. Qf3 Qc8 10. Ba6 Qxa6 11.
Qxf5 Bd6 12. Bg5 Nd5 13. Rd1 O-O 14. Nxd5 cxd5 15. Rxd5 Rad8 16. Bxd8 Rxd8 17. Qd3 Bb4+ 18. Ke2 Qxd3+ 19. Rxd3 Rc8 20. c3 Bc5 21. Rhd1 Bb6 22. Rd7 g6 23. Re7 Bc5 24. Rxe5 1-0

[Event "*** Titled Tuesday Blitz"]
[Site "Chess.com"]
[Date "2020.12.01"]
[Round "4"]
[White "Juanovic"]
[Black "anon481216"]
[Result "0-1"]
[WhiteElo "2170"]
[BlackElo "2402"]
[TimeControl "180+1"]
[EndTime "10:34:50 PST"]
[Termination "anon481216 won by resignation"]

1. e4 c5 2. Nf3 Nf6 3. Nc3 d5 4. exd5 Nxd5 5. Bb5+ Bd7 6. Bxd7+ Qxd7 7. O-O Nc6 8. Ne4 e6 9. c3 Be7 10. d4 cxd4 11.
Nxd4 O-O 12. Nb5 a6 13. Nd4 f5 14. Nxc6 Qxc6 15. Nd2 e5 16. Nf3 Bf6 17. Bg5 Rad8 18. Bxf6 Qxf6 19. Qb3 Rd7 20. Rad1 Rfd8 21. c4 Nf4 22.
c5+ Kh8 23. Rxd7 Rxd7 24. Rd1 Rxd1+ 25. Qxd1 e4 26. Qd7 h6 27. Nd4 Qxd4 0-1

[Event "*** Titled Tuesday Blitz"]
[Site "Chess.com"]
[Date "2020.12.01"]
[Round "4"]
[White "gagtemp"]
[Black "Logman74"]
[Result "0-1"]
[WhiteElo "1951"]
[BlackElo "2360"]
[TimeControl "180+1"]
[EndTime "10:34:52 PST"]
[Termination "Logman74 won by resignation"]

1. e4 c5 2. Nf3 Nc6 3. d4 cxd4 4.
Nxd4 g6 5. Nc3 Bg7 6. Be3 Nf6 7. Bc4 O-O 8. f3 e6 9. Qd2 d5 10. exd5 exd5 11. Bb3 Re8 12. O-O-O a5 13. a4 Nb4 14. h4 Nd7 15. h5 Nc5 16. Bh6 Nbd3+ 17. Kb1 Bxd4 18. Nxd5 Nxb3 19. Qxd3 Qxd5 20. cxb3 Bf5 0-1

[Event "*** Titled Tuesday Blitz"]
[Site "Chess.com"]
[Date "2020.12.01"]
[Round "4"]
[White "Blitzstream"]
[Black "Tpros"]
[Result "1-0"]
[WhiteElo "2761"]
[BlackElo "2503"]
[TimeControl "180+1"]
[EndTime "10:34:58 PST"]
[Termination "Blitzstream won by resignation"]

1. e4 c5 2. Nf3 a6 3. b4 cxb4 4. d4 d6 5. Bd3 Nf6 6. O-O g6 7. Bg5 Bg7 8. Qd2 O-O 9. Qxb4 Nc6 10. Qd2 e5 11. d5 Ne7 12. c4 Nd7 13. Nc3 f6 14. Be3 b6 15. a4 a5 16. Nb5 Nc5 17. Rfb1 Ba6 18. Rb2 Qd7 19. Bxc5 dxc5 20. Rab1 Nc8 21.
Be2 h5 22. d6 Bxb5 23. Qd5+ Kh7 24. Qxa8 Ne7 25. Qxf8 Bxf8 26. dxe7 Bxe7 27. Rxb5 Bd8 28. Rd1 Qe7 29. Rb3 Kh6 30. Rbd3 1-0

[Event "*** Titled Tuesday Blitz"]
[Site "Chess.com"]
[Date "2020.12.01"]
[Round "4"]
[White "hawes33"]
[Black "niki_2003"]
[Result "0-1"]
[WhiteElo "2235"]
[BlackElo "2015"]
[TimeControl "180+1"]
[EndTime "10:34:59 PST"]
[Termination "niki_2003 won by resignation"]

1. e4 c5 2. Nc3 a6 3. g3 b5 4.
Bg2 e6 5. d3 Bb7 6. Nge2 d5 7.
exd5 exd5 8. d4 c4 9. a3 Nf6 10. O-O Be7 11. Re1 O-O 12. Nf4 Qd7 13. Qe2 Re8 14. Be3 a5 15. h4 b4 16. Nd1 Bd6 17. axb4 Bxf4 18. gxf4 axb4 19. Rxa8 Bxa8 20. Qf3 Nc6 21. Qg3 Nxd4 22. c3 Nf5 23. Qg5 h6 0-1

[Event "*** Titled Tuesday Blitz"]
[Site "Chess.com"]
[Date "2020.12.01"]
[Round "4"]
[White "nubair1198"]
[Black "Kavyev_Ruslan"]
[Result "1-0"]
[WhiteElo "2812"]
[BlackElo "2518"]
[TimeControl "180+1"]
[EndTime "10:35:09 PST"]
[Termination "nubair1198 won by resignation"]

1. Nf3 Nf6 2. c4 c5 3. b3 g6 4. Bb2 Bg7 5. g3 b6 6. Bg2 Bb7 7. O-O O-O 8. d4 cxd4 9. Qxd4 d6 10. Nc3 Nbd7 11. Qh4 a6 12. Rfd1 Rc8 13. Rac1 Qc7 14. Nd5 Qd8 15. Nxf6+ Nxf6 16. Ng5 Bxg2 17. Bxf6 h6 18.
Bxg7 Kxg7 19. Nxf7 Rxf7 20. Kxg2 Qc7 21. Rd5 b5 22.
Qd4+ Kg8 23. c5 dxc5 24. Rcxc5 Qb7 25. Rxc8+ Qxc8 26. Rd8+ 1-0

[Event "*** Titled Tuesday Blitz"]
[Site "Chess.com"]
[Date "2020.12.01"]
[Round "4"]
[White "GAusal"]
[Black "ChelsieMonica"]
[Result "0-1"]
[WhiteElo "2094"]
[BlackElo "2378"]
[TimeControl "180+1"]
[EndTime "10:35:13 PST"]
[Termination "ChelsieMonica won by checkmate"]

1. e4 e6 2. d4 d5 3. e5 c5 4. c3 Nc6 5. Nf3 Qb6 6. Bd3 cxd4 7. cxd4 Bd7 8. Be2 Bb4+ 9. Nc3 Nge7 10. O-O O-O 11.
Na4 Qc7 12. a3 Ba5 13. Be3 Nf5 14. Rc1 Qd8 15. Bg5 f6 16. exf6 gxf6 17. Bf4 Bb6 18. Bd3 Nfxd4 19. Nxb6 Qxb6 20. Nxd4 Qxd4 21. Bxh7+ Kxh7 22. Qh5+ Kg8 23. Qg6+ Kh8 24. Rc3 e5 25. Rh3+ Bxh3 26.
Bh6 Rg8 27. Qxf6+ Kh7 28. Be3 Rxg2+ 29. Kh1 Qg4 30. f3 Rxh2+ 31. Kxh2 Qg2# 0-1

[Event "*** Titled Tuesday Blitz"]
[Site "Chess.com"]
[Date "2020.12.01"]
[Round "4"]
[White "Slovak_fighter2000"]
[Black "bascheyaro"]
[Result "0-1"]
[WhiteElo "2539"]
[BlackElo "2744"]
[TimeControl "180+1"]
[EndTime "10:35:14 PST"]
[Termination "bascheyaro won by resignation"]

1. d4 d5 2. Bf4 Bf5 3. e3 e6 4.
Nf3 Nf6 5. c4 Bxb1 6. Rxb1 Bb4+ 7. Ke2 Bd6 8. g3 O-O 9. Bg2 c6 10. Qb3 Bxf4 11. gxf4 Qb6 12. c5 Qa6+ 13. Ke1 Ne4 14.
Bf1 Qa5+ 15. Ke2 b6 16. cxb6 axb6 17. a3 c5 18. Rd1 Nc6 19. Bh3 Qa6+ 20. Ke1 Rac8 21.
Qd3 Qa5+ 22. Kf1 cxd4 23. Nxd4 Nxd4 24. Qxd4 Rc2 25. f3 Nd2+ 26. Rxd2 Qxd2 27. Qxd2 Rxd2 0-1

[Event "*** Titled Tuesday Blitz"]
[Site "Chess.com"]
[Date "2020.12.01"]
[Round "4"]
[White "GothamChess"]
[Black "cukin84"]
[Result "1-0"]
[WhiteElo "2569"]
[BlackElo "2189"]
[TimeControl "180+1"]
[EndTime "10:35:14 PST"]
[Termination "GothamChess won by checkmate"]

1. d4 f5 2. e4 fxe4 3. Nc3 Nf6 4. Bg5 Nc6 5. d5 Ne5 6. Qe2 Nf7 7. h4 d6 8. O-O-O Bf5 9. Bxf6 exf6 10. g4 Bd7 11.
Qxe4+ Qe7 12. Qb4 O-O-O 13. Nb5 Bxb5 14. Bxb5 Ne5 15. Rh3 f5 16. Ra3 a6 17. Bxa6 bxa6 18.
Rxa6 Qxh4 19. Qb5 c6 20. dxc6 Kc7 21. Qb7# 1-0

[Event "*** Titled Tuesday Blitz"]
[Site "Chess.com"]
[Date "2020.12.01"]
[Round "4"]
[White "FairChess_on_YouTube"]
[Black "DoHoChess"]
[Result "1-0"]
[WhiteElo "2999"]
[BlackElo "2774"]
[TimeControl "180+1"]
[EndTime "10:35:18 PST"]
[Termination "FairChess_on_YouTube won by resignation"]

1. e4 e5 2. Nf3 Nc6 3. d4 exd4 4. Nxd4 Nf6 5. Nxc6 bxc6 6. e5 Qe7 7. Qe2 Nd5 8.
c4 Nb6 9. Nc3 Bb7 10. h4 h6 11.
Bf4 g6 12. O-O-O Bg7 13. Rh3 O-O-O 14. h5 g5 15. Bh2 Rhe8 16. Re3 Qc5 17. Kb1 Kb8 18. Ne4 Qe7 19. c5 Nd5 20. Rb3 Ka8 21. Rxb7 Kxb7 22. Qa6+ Ka8 23. Rd4 Rb8 24. Qxa7+ 1-0

[Event "*** Titled Tuesday Blitz"]
[Site "Chess.com"]
[Date "2020.12.01"]
[Round "4"]
[White "GM_dmitrij"]
[Black "Gudmundur_Kjartansson"]
[Result "1-0"]
[WhiteElo "2948"]
[BlackElo "2554"]
[TimeControl "180+1"]
[EndTime "10:35:22 PST"]
[Termination "GM_dmitrij won by resignation"]

1. Nf3 Nf6 2. e3 b6 3. c4 Bb7 4. Nc3 e6 5. b3 d5 6. Bb2 a6 7. cxd5 exd5 8. Qc2 Bd6 9. Be2 Qe7 10. O-O O-O 11.
Nd4 g6 12. Bf3 c5 13. Nde2 Nbd7 14. d4 Ne4 15. Rad1 Ndf6 16. dxc5 Bxc5 17. Nf4 Nxf2 18. Rxf2 Bxe3 19. Nfxd5 Nxd5 20. Nxd5 Bxd5 21. Bxd5 Rad8 22.
Qc3 Bxf2+ 23. Kf1 Bd4 24. Qxd4 1-0

[Event "*** Titled Tuesday Blitz"]
[Site "Chess.com"]
[Date "2020.12.01"]
[Round "4"]
[White "nochewycandy"]
[Black "GMSrinath"]
[Result "1-0"]
[WhiteElo "2536"]
[BlackElo "2798"]
[TimeControl "180+1"]
[EndTime "10:35:23 PST"]
[Termination "nochewycandy won by resignation"]

1. c4 g6 2. g3 Bg7 3. Bg2 d6 4. Nc3 e5 5. e4 f5 6. Nge2 Nf6 7. exf5 gxf5 8. d4 e4 9. O-O O-O 10. Bg5 Nc6 11. f3 h6 12. Bh4 exf3 13. Bxf3 Bd7 14. Nd5 Be8 15. Nef4 Bf7 16. Qd3 a5 17. Qxf5 Bxd5 18. Bxd5+ Rf7 19. Bxf7+ Kxf7 20. Qe6+ 1-0

[Event "*** Titled Tuesday Blitz"]
[Site "Chess.com"]
[Date "2020.12.01"]
[Round "4"]
[White "TzoumpasAnastasis"]
[Black "Rital44"]
[Result "0-1"]
[WhiteElo "2212"]
[BlackElo "2453"]
[TimeControl "180+1"]
[EndTime "10:35:25 PST"]
[Termination "Rital44 won by resignation"]

1. c4 Nf6 2. Nf3 g6 3. g3 Bg7 4. Bg2 O-O 5. O-O d6 6. d4 c6 7. Nc3 Qa5 8. Bd2 Qh5 9. e4 Bh3 10. Nh4 Qxd1 11. Raxd1 Bxg2 12. Nxg2 Nbd7 13. f4 e5 14. fxe5 dxe5 15. d5 Nc5 16. Rfe1 a5 17. Bg5 h6 18. Bxf6 Bxf6 19. h4 h5 20. Ne3 a4 21.
Rf1 Bg7 22. Nc2 Bh6 23. Rf3 Kg7 24. Rdf1 Bd2 25. dxc6 bxc6 26. Nb4 a3 27. Nxc6 axb2 28. Nxe5 Bxc3 29. Rxc3 Rxa2 30. Rc2 Rb8 31. Rxf7+ Kg8 32. Rf1 b1=Q 0-1